 Dungeon Crawl Stone Soup version 0.29.1-15-g9cfb28693d (webtiles) character file.

Game seed: 1319561296539415091

314 GailPale the Caller (level 6, -5/32 HPs)
             Began as a Tengu Summoner on Apr 7, 2023.
             Killed by divine providence
             ... invoked by an orc priest
              (12 damage)
             ... on level 4 of the Dungeon.
             The game lasted 00:17:54 (3849 turns).

GailPale the Caller (Tengu Summoner)                Turns: 3849, Time: 00:17:55

Health: -5/32      AC:  3    Str:  8    XL:     6   Next: 43%
Magic:  4/12       EV: 14    Int: 18    God:
Gold:   222        SH:  0    Dex: 14    Spells: 4/12 levels left

rFire   . . .      SeeInvis .   c - +0 spear
rCold   . . .      Faith    .   (no shield)
rNeg    . . .      Spirit   .   a - +0 robe
rPois   .          Reflect  .   (helmet restricted)
rElec   .          Harm     .   (no cloak)
rCorr   .          Rampage  .   k - +0 pair of gloves
Will    .....                   (boots unavailable)
Stlth   ++........              (no amulet)
HPRegen 0.10/turn               j - ring of wizardry
MPRegen 0.13/turn               (no ring)

@: flying quickly and evasively, quick
A: beak, talons 3, nimble flight
a: no special abilities


You were on level 4 of the Dungeon.
You visited 1 branch of the dungeon, and saw 4 of its levels.

You collected 222 gold pieces.

Inventory:

Hand Weapons
 c - a +0 spear (weapon)
Armour
 a - a +0 robe (worn)
 d - a +0 helmet
 g - a +0 leather armour
 k - a +0 pair of gloves (worn)
Jewellery
 j - a ring of wizardry (left hand)
Wands
 n - a wand of paralysis (5)
Scrolls
 e - 3 scrolls of identify
 f - a scroll of fear {unknown}
 m - a scroll of magic mapping
Potions
 b - a potion of magic
 h - a potion of flight {unknown}
 i - a potion of resistance
 l - a potion of heal wounds {unknown}
 p - 4 potions of curing {unknown}
 q - a potion of lignification {unknown}
 r - 2 potions of brilliance {unknown}


   Skills:
 + Level 0.2 Fighting
 + Level 1.4 Polearms
 + Level 2.2 Dodging
 + Level 2.6 Stealth
 + Level 3.6 Spellcasting
 + Level 7.4 Summonings
 * Level 0.9 Air Magic


You had 4 spell levels left.
You knew the following spells:

 Your Spells              Type           Power      Damage    Failure   Level
a - Summon Small Mammal   Summ           100%       N/A       1%          1
b - Call Canine Familiar  Summ           29%        N/A       1%          3
c - Summon Lightning Spi  Summ/Air       18%        N/A       12%         4

Your spell library contained the following spells:

 Spells                   Type           Power      Damage    Failure   Level
 Call Imp                 Summ           29%        N/A       1%          2
 Summon Guardian Golem    Hex/Summ       16%        N/A       4%          3
 Blink                    Tloc           6%         N/A       10%         2
 Lesser Beckoning         Tloc           3%         N/A       19%         3
 Manifold Assault         Tloc           3%         N/A       83%         5


Dungeon Overview and Level Annotations

Branches:
Dungeon (4/15)
 Temple: D:4-7

Altars:
Okawaru
Yredelemnul


Innate Abilities, Weirdness & Mutations

You have a beak for a mouth.
You have claws for feet.
Your magical nature lets you fly swiftly and evasively.


Message History

The orc priest hits your hound with a +0 hand axe.
Your hound bites the orc priest.
Your bat hits the orc priest but does no damage.
Your quokka closely misses the orc.
The orc priest closely misses your hound.
The orc priest hits your quokka with a +0 hand axe.
Your quokka dies!
Your quokka's corpse disappears in a puff of smoke!
Your hound closely misses the orc priest.
Your bat hits the orc but does no damage.
Your bat barely misses the orc.
Your hound bites the orc priest.
The orc priest mumbles some strange prayers to Beogh against you.
Beogh smites you!
* * * LOW HITPOINT WARNING * * *
The orc priest hits your hound with a +0 hand axe!
Your hound dies!
Your hound's corpse disappears in a puff of smoke!
Found 11 gold pieces.
Found an escape hatch in the floor.
Your bat closely misses the orc.
The orc priest barely misses your bat.
Your bat closely misses the orc.
Casting: Summon Small Mammal (safe; 1% risk of failure)
Confirm with . or Enter, or press ? or * to list all spells.
Your bat barely misses the orc priest.
Your bat hits the orc.
The orc hits your bat but does no damage.
The orc priest hits your bat with a +0 short sword.
Your bat closely misses the orc priest.
Your bat hits the orc but does no damage.
Your bat barely misses the orc.
Your bat misses the orc. The orc closely misses your bat.
You swap places.
An adder comes into view.
Your bat completely misses the orc.
Your bat hits the orc but does no damage.
Your bat closely misses the orc.
The orc barely misses your bat. Something hits your bat.
Your bat dies!
Your bat's corpse disappears in a puff of smoke!
The orc priest mumbles some strange prayers to Beogh against you.
Beogh smites you!
You die...

##..#...##...☼§..)$.§,,,,*
#....†.###.§§§..(..,,,,,*
######.# *#####...#****,*
##'## *.§.# *,* ##...##
*.☼.# *,* ##.....## *...#
*,* # ##.......##
*...#****,*
#**#....)....####...#>##,,*
...'......ob.'h.@.......,**
.###....o§o..####...#$#.**
.# ##.......## *..##,*,* .#
##.....## *.##*,*,* .#
##...## *.#,,,*,* .# ##+#*
*.#,***,* ## *,* *.#,* *,*
*,* *S#,***,* **,**
*,,,,,,,*


You could see an orc priest, an adder (asleep), an orc (ally target), a friendly
hound (summoned) and a friendly bat (summoned).

Vanquished Creatures
  An adder (D:2)
  3 ball pythons (D:1)
  4 bats
  4 endoplasms (D:1)
  A giant cockroach (D:2)
  A goblin (D:1)
  5 hobgoblins
  A jackal (D:2)
  A quokka (D:3)
  A frilled lizard (D:1)
  A rat (D:3)
23 creatures vanquished.

Vanquished Creatures (collateral kills)
  An ogre (D:3)
  A scorpion (D:4)
  An orc priest (D:3)
  A hound zombie (D:3)
  3 adders
  An adder zombie (D:3)
  A worm (D:2)
  A dart slug (D:1)
  9 orcs
  3 bats (D:3)
  4 endoplasms
  3 giant cockroaches
  3 goblins
  A hobgoblin (D:3)
  A jackal (D:2)
  2 quokkas
  A ball python (D:2)
  A giant cockroach zombie (D:3)
  5 kobolds
  A quokka zombie (D:3)
  3 rats
47 creatures vanquished.

Vanquished Creatures (others)
  A goblin (D:4)
1 creature vanquished.

Grand Total: 71 creatures vanquished

Notes
Turn   | Place    | Note
-------+----------+-------------------------------------------
     0 | D:1      | GailPale the Tengu Summoner began the quest for the Orb.
     0 | D:1      | Reached XP level 1. HP: 10/10 MP: 4/4
    22 | D:1      | Reached skill level 5 in Summonings
   282 | D:1      | Reached XP level 2. HP: 15/15 MP: 3/6
   836 | D:1      | Reached XP level 3. HP: 14/19 MP: 3/7
   961 | D:1      | Found a faded altar of an unknown god.
  1323 | D:1      | Learned a level 3 spell: Call Canine Familiar
  1339 | D:2      | Reached skill level 1 in Polearms
  1349 | D:2      | Reached skill level 6 in Summonings
  1349 | D:2      | Reached XP level 4. HP: 1/24 MP: 2/8
  2497 | D:3      | Found an iron altar of Okawaru.
  2885 | D:3      | Gained mutation: Your magical nature lets you fly swiftly
                  | and evasively. [Tengu growth]
  2885 | D:3      | Reached XP level 5. HP: 28/28 MP: 6/10
  2891 | D:3      | Noticed an ogre
  2907 | D:3      | Killed an ogre
  2908 | D:3      | Reached skill level 7 in Summonings
  2922 | D:3      | Learned a level 4 spell: Summon Lightning Spire
  3114 | D:3      | Reached XP level 6. HP: 32/32 MP: 5/11
  3392 | D:3      | Found a basalt altar of Yredelemnul.
  3849 | D:4      | Killed from afar by an orc priest

Illustrated notes

Levels and vault maps discovered:
D:1:      dpeg_arrival_orchard, layout_basic, hellmonk_ecumenical_altar_lost_god
D:2:      layout_rooms
D:3:      layout_loops_ring, nicolae_yredelemnul_corpse_copse,
          okawaru_ov_weapons_minmay, minmay_fractal_squares_5
D:4:      layout_loops_corners, lemuel_flame_loot_1, uniq_natasha,
          uniq_blork_the_orc

Skill      XL: |  1  2  3  4  5 |
---------------+----------------+-----
Summonings     | 5 6 7 |  7.4
Polearms       | 1 |  1.4
Spellcasting   | 3 |  3.6
Fighting       | |  0.2
Dodging        | |  2.2
Stealth        | |  2.6
Air Magic      | |  0.9

Action                   |  1- 3 |  4- 6 || total
-------------------------+-------+-------++-------
Melee: Spear             |    39 |    28 ||    67
       Peck              |     5 |     4 ||     9
       Kick              |     8 |     9 ||    17
 Cast: Summon Small Mamm |    32 |    53 ||    85
       Call Canine Famil |     1 |    20 ||    21
       Summon Lightning  |       |     1 ||     1
  Use: Potion            |     1 |       ||     1
       Scroll            |       |     7 ||     7
 Stab: Sleeping          |     1 |     1 ||     2
Armor: Robe              |    10 |    15 ||    25
Dodge: Dodged            |    22 |    26 ||    48
